 Dungeon Crawl Stone Soup version 0.30.1-1-g62c8e00024 (webtiles) character file.

Game seed: 10896137574825709711

13458 shmup the Destroyer (level 12, -4/71 HPs)
             Began as a Tengu Fire Elementalist on July 16, 2023.
             Was a Priest of Qazlal.
             Killed from afar by Lodul (32 damage)
             ... with a bolt of lightning
             ... on level 11 of the Dungeon.
             The game lasted 01:06:12 (16597 turns).

shmup the Destroyer (Tengu Fire Elementalist)      Turns: 16597, Time: 01:06:13

Health: -4/71      AC: 14    Str: 10    XL:     12   Next: 6%
Magic:  9/20       EV: 16    Int: 20    God:    Qazlal [***...]
Gold:   153        SH:  4    Dex: 14    Spells: 1/21 levels left

rFire   + . .        a - +4 spear of Luxury {protect, rF+}
rCold   . . .        (no shield)
rNeg    . . .        p - +1 robe
rPois   +            (helmet restricted)
rElec   .            j - +2 cloak {rPois}
rCorr   .            (no gloves)
SInv    .            (boots unavailable)
Will    .....        (no amulet)
Stlth   +            o - +4 ring of protection
HPRegen 0.31/turn    V - +4 ring of protection
MPRegen 0.17/turn

%: no passive effects
@: about to teleport, flying quickly and evasively, studying 2 skills, quick
A: beak, talons 3, nimble flight
a: Renounce Religion, Upheaval, Elemental Force


You were on level 11 of the Dungeon.
You worshipped Qazlal.
Qazlal was most pleased with you.
You visited 3 branches of the dungeon, and saw 13 of its levels.

You collected 649 gold pieces.
You spent 496 gold pieces at shops.

Inventory:

Hand Weapons
 a - the +4 spear of Luxury (weapon) {protect, rF+}
   (You found it on level 3 of the Dungeon)

   rF:        It protects you from fire.
 w - the +9 whip "Xih Guta" {vamp, Drain rPois rCorr Int-5}
   (You found it on level 4 of the Dungeon)

   Int:       It affects your intelligence (-5).
   rPois:     It protects you from poison.
   rCorr:     It protects you from acid and corrosion.
   Drain:     It drains your maximum health when unequipped.
 Z - a +0 dagger of distortion
Missiles
 e - 4 javelins (quivered)
 i - 32 poisoned darts
 u - 6 datura-tipped darts
 D - 2 throwing nets
 E - 8 boomerangs
 Y - 2 curare-tipped darts
Armour
 j - a +2 cloak of poison resistance (worn)
 p - a +1 robe (worn)
 x - the +0 ring mail of Weightlessness {-Tele rF+ rN+++ Int+2}
   (You found it on level 5 of the Dungeon)

   Int:       It affects your intelligence (+2).
   rF:        It protects you from fire.
   rN:        It renders you almost immune to negative energy.
   -Tele:     It prevents most forms of teleportation.
Magical Staves
 v - the staff of cold "Joem Mikh" {rF- rC+ Will+ Int-5 Dex+6}
   (You found it on level 4 of the Dungeon)

   [staff of cold]

   Base accuracy: +5 Base damage: 5 Base attack delay: 1.2 This weapon's minimum
   attack delay (0.6) is reached at skill level 12.
   Int:       It affects your intelligence (-5).
   Dex:       It affects your dexterity (+6).
   rF:        It makes you vulnerable to fire.
   rC:        It protects you from cold.
   Will:      It increases your willpower.
   It falls into the 'Staves' category.
   It is a one-handed weapon.
 y - a staff of death
 Q - a staff of cold
Jewellery
 o - a +4 ring of protection (left hand)
 q - a +6 ring of strength
 I - a ring of willpower
 J - a ring of poison resistance
 L - a ring of ice
 U - a +6 ring of strength
 V - a +4 ring of protection (right hand)
Wands
 r - a wand of roots (6)
 F - a wand of charming (14)
 G - a wand of digging (5)
 M - a wand of mindburst (9)
 P - a wand of flame (20)
Scrolls
 b - a scroll of identify
 d - a scroll of fear
 f - 3 scrolls of fog
 g - 3 scrolls of noise
 k - 2 scrolls of blinking
 l - 2 scrolls of silence
 n - 6 scrolls of teleportation
 t - a scroll of enchant armour
 A - a scroll of poison
 B - 2 scrolls of amnesia
 C - a scroll of vulnerability
 O - a scroll of magic mapping
 W - a scroll of immolation
 X - a scroll of enchant weapon
Potions
 c - a potion of heal wounds
 h - 3 potions of might
 m - a potion of haste
 s - a potion of magic
 z - 2 potions of mutation
 H - 2 potions of cancellation
 K - 3 potions of curing
 N - a potion of attraction
 R - a potion of flight
 S - 4 potions of resistance
 T - 2 potions of berserk rage {unknown}


   Skills:
 + Level 6.9 Fighting
 - Level 3.0 Polearms
 - Level 5.0 Dodging
 - Level 2.0 Stealth
 - Level 5.0 Spellcasting
 + Level 13.7 Conjurations
 * Level 5.5 Hexes
 - Level 1.0 Translocations
 + Level 12.1 Fire Magic
 - Level 1.0 Earth Magic
 + Level 1.4 Invocations


You had one spell level left.
You knew the following spells:

 Your Spells              Type           Power      Damage    Failure   Level
a - Foxfire               Conj/Fire      100%       2x1d9     1%          1
b - Scorch                Fire           100%       2d9       1%          2
c - Inner Flame           Hex/Fire       40%        N/A       1%          3
d - Volatile Blastmotes   Fire/Tloc      62%        2d15      2%          3
e - Flame Wave            Conj/Fire      54%        2d13      1%          4
f - Fulminant Prism       Conj/Hex       21%        3d12      2%          4
g - Stone Arrow           Conj/Erth      68%        3d11      1%          3

Your spell library contained the following spells:

 Spells                   Type           Power      Damage    Failure   Level
 Magic Dart               Conj           100%       1d8       1%          1
 Searing Ray              Conj           100%       2d8       1%          2
 Sticky Flame             Conj/Fire      54%        2d7       1%          4
 Iskenderun's Mystic Bla  Conj/Tloc      34%        2d8       5%          4
 Ignite Poison            Fire/Tmut/Pois 21%        N/A       7%          3
 Portal Projectile        Hex/Tloc       36%        N/A       9%          3
 Cigotuvi's Dreadful Rot  Necr/Pois/Air  10%        N/A       17%         2
 Leda's Liquefaction      Hex/Erth       9%         N/A       30%         4
 Call Canine Familiar     Summ           5%         N/A       34%         3
 Freezing Cloud           Conj/Ice/Air   11%        6-21      45%         5
 Manifold Assault         Tloc           9%         N/A       58%         4
 Iron Shot                Conj/Erth      17%        9d4       65%         6
 Animate Armour           Summ/Erth      14%        N/A       67%         4
 Lee's Rapid Deconstruct  Erth           4%         3d5*      91%         5
 Summon Forest            Summ/Tloc      3%         N/A       95%         5
 Blade Hands              Tmut           2%         N/A       97%         5
 Dispersal                Tloc           4%         N/A       100%        6
 Eringya's Noxious Bog    Tmut/Pois      2%         N/A       100%        6
 Summon Hydra             Summ           2%         N/A       100%        7
 Disjunction              Tloc           4%         N/A       100%        8
 Lehudib's Crystal Spear  Conj/Erth      17%        10d5      100%        8


Dungeon Overview and Level Annotations

Branches:
Dungeon (11/15)            Temple (1/1) D:5            Lair (1/5) D:10
    Orc: D:9-12

Altars:
Ashenzari
Cheibriados
Dithmenos
Elyvilon
Fedhas
Gozag
Hepliaklqana
Kikubaaqudgha
Makhleb
Nemelex Xobeh
Okawaru
Qazlal
Ru
Sif Muna
Trog
Uskayaw
Vehumet
Wu Jian
Xom
Yredelemnul
Zin
The Shining One

Shops:
D:3 ?   D:8 :

Annotations:
D:4 2 runed translucent doors, exclusions: 2 doors and 2 downstairs
D:9 1 runed translucent door, salammoniac's ghost, novice DsEE
D:10 exclusion: downstairs
D:11 Lodul
Lair:1 Gastronok


Innate Abilities, Weirdness & Mutations

You have a beak for a mouth.
You have claws for feet.
Your magical nature lets you fly swiftly and evasively.


Message History

The foxfire hits the ogre!
The ogre is heavily wounded.
Electricity crackles from Lodul's apparatus.
The bolt of lightning misses you.
Unknown command.
Casting: Inner Flame (safe; 1% risk of failure)
Confirm with . or Enter, or press ? or * to list all spells.
You conjure some foxfire!
Lodul drinks a potion.
Lodul suddenly seems more resistant.
You block the ogre's attack.
Unknown command.
Casting: Foxfire (safe; 1% risk of failure)
Confirm with . or Enter, or press ? or * to list all spells.
You conjure some foxfire!
The foxfire hits the ogre.
The ogre is heavily wounded.
Electricity crackles from Lodul's apparatus.
The bolt of lightning hits you!! The ogre hits you with a +0 giant club.
You reach down and open the door.
The foxfire hits the ogre.
The ogre is heavily wounded.
The foxfire hits the ogre.
The ogre is heavily wounded.
The foxfire hits the ogre.
The ogre is severely wounded.
Electricity crackles from Lodul's apparatus.
The bolt of lightning hits you!!
* * * LOW HITPOINT WARNING * * *
The ogre misses you.
There is an open door here.
Electricity crackles from Lodul's apparatus.
The bolt of lightning misses you.
The boulder beetle curls into a ball and begins rolling!
As you read the scroll of teleportation, it crumbles to dust.
You feel strangely unstable. The ogre hits you but does no damage.
The boulder beetle stops rolling and uncurls.
Unknown command.
Casting: Foxfire (safe; 1% risk of failure)
Confirm with . or Enter, or press ? or * to list all spells.
Flames lash the boulder beetle but do no damage.
Electricity crackles from Lodul's apparatus.
The bolt of lightning hits you!!
You die...

▒...▒ ... .. ▒..▒▒
...▒▒▒▒▒▒▒▒▒▒▒▒▒O.. ...▒
................).. ...▒
............#.B.. ..^▒
........O.###)... ..▒▒
.▒.O▒▒0▒▒▒▒▒▒'▒▒ ..▒
▒..▒.O.▒..▒ ..▒
▒..OB..+..▒ ..▒
▒.Q▒...▒..▒ ..▒
▒..▒...▒..▒
..▒▒▒▒▒▒▒▒▒▒▒▒▒▒.▒▒..▒▒▒▒
...............▒..▒..▒
...............▒..▒).▒
...............▒..▒..▒
▒▒'▒▒▒▒'▒▒▒▒▒▒'▒▒.▒▒▒▒.▒
.....'...^▒..▒.....▒...▒
.....▒....▒..▒.....▒...▒


You could see a boulder beetle, Lodul (inner flame, resistant) and 3 ogres.

Vanquished Creatures
  2 two-headed ogres
  Erica (D:9)
  Sonja (D:10)
  Pikel (D:5)
  2 elephants
  A komodo dragon (D:10)
  A cane toad (Lair:1)
  The ghost of erynZofia the Thaumaturge, a novice DECj of Vehumet (D:6)
  A hornet (D:9)
  3 wraiths
  Sigmund (D:5)
  7 yaks
  A wyvern (D:8)
  3 vampire mosquitoes (D:11)
  3 steam dragons
  Grum (D:6)
  7 water moccasins
  Duvessa (D:5)
  2 ice beasts
  A sky beast (D:8)
  2 orc warriors
  A wolf (D:6)
  5 black bears
  7 ogres
  2 centaurs
  3 phantoms
  2 kobold brigands
  4 lemures (D:5)
  8 bullfrogs
  2 gnoll sergeants
  5 scorpions
  12 wights
  Dowan (D:5)
  3 killer bees (D:9)
  2 electric eels (D:11)
  4 howler monkeys
  4 orc priests
  5 jellies
  3 gnoll boudas (D:6)
  16 hounds
  5 iguanas
  A sleepcap (D:8)
  Terence (D:3)
  6 orc wizards
  A scorpion zombie (D:3)
  13 gnolls
  5 adders
  A shadow imp (D:6)
  3 white imps
  4 ufetubi
  A worm (D:4)
  2 dart slugs
  26 orcs
  4 endoplasms
  A giant cockroach (D:4)
  7 hobgoblins
  6 jackals
  23 kobolds
  3 quokkas
  4 ball pythons
  A ball python zombie (D:3)
  5 bats
  14 frilled lizards
  10 goblins
  7 rats
286 creatures vanquished.

Vanquished Creatures (others)
  519 foxfires
  A fulminant prism (Lair:1)
520 creatures vanquished.

Grand Total: 806 creatures vanquished

Notes
Turn   | Place    | Note
-------+----------+-------------------------------------------
     0 | D:1      | shmup the Tengu Fire Elementalist began the quest for the
                  | Orb.
     0 | D:1      | Reached XP level 1. HP: 10/10 MP: 4/4
   180 | D:1      | Reached skill level 2 in Conjurations
   193 | D:1      | Reached XP level 2. HP: 15/15 MP: 4/6
   500 | D:1      | Found a faded altar of an unknown god.
  1163 | D:2      | Reached XP level 3. HP: 19/19 MP: 7/7
  1358 | D:2      | Reached skill level 3 in Conjurations
  1862 | D:2      | Reached XP level 4. HP: 24/24 MP: 5/8
  2579 | D:3      | Found Loyt's Magic Scroll Shop.
  2611 | D:3      | Bought a scroll of identify for 20 gold pieces
  2613 | D:3      | Reached skill level 9 in Conjurations
  2613 | D:3      | Gained mutation: Your magical nature lets you fly swiftly
                  | and evasively. [Tengu growth]
  2613 | D:3      | Reached XP level 5. HP: 37/37 MP: 9/9
  2617 | D:3      | Learned a level 2 spell: Scorch
  2737 | D:3      | Noticed Terence
  2746 | D:3      | Killed Terence
  2911 | D:3      | Identified the +4 spear of Luxury {protect, rF+}
  3260 | D:4      | Reached XP level 6. HP: 42/42 MP: 7/10
  3512 | D:4      | Found a bloodstained altar of Trog.
  3513 | D:4      | Found a shimmering altar of Xom.
  3578 | D:4      | Learned a level 4 spell: Flame Wave
  3611 | D:4      | Reached skill level 10 in Conjurations
  3611 | D:4      | Reached XP level 7. HP: 32/47 MP: 1/11
  3709 | D:4      | Learned a level 3 spell: Inner Flame
  3736 | D:4      | Found a large runed translucent door.
  3737 | D:4      | Found a large runed translucent door.
  3961 | D:4      | Found a large runed translucent door.
  3961 | D:4      | Found a large runed translucent door.
  3977 | D:4      | Identified the staff of cold "Joem Mikh" {rF- rC+ Will+
                  | Int-5 Dex+6}
  3997 | D:4      | Noticed a yak
  4241 | D:4      | Identified the +9 whip "Xih Guta" {vamp, Drain rPois rCorr
                  | Int-5}
  4601 | D:5      | Entered Level 5 of the Dungeon
  4678 | D:5      | Found a staircase to the Ecumenical Temple.
  4715 | D:5      | Identified the +0 ring mail of Weightlessness {-Tele rF+
                  | rN+++ Int+2}
  4731 | Temple   | Entered the Ecumenical Temple
  4906 | Temple   | Became a worshipper of Qazlal Stormbringer
  5315 | D:5      | Reached XP level 8. HP: 52/52 MP: 6/12
  5412 | D:5      | Noticed Sigmund
  5416 | D:5      | Killed Sigmund
  5421 | D:5      | Noticed a yak
  5507 | D:5      | Reached skill level 1 in Hexes
  5729 | D:5      | Reached skill level 11 in Conjurations
  6328 | D:6      | Reached skill level 10 in Fire Magic
  6345 | D:6      | Found a runed translucent door.
  6345 | D:6      | Noticed erynZofia's ghost (novice DECj)
  6452 | D:6      | Reached XP level 9. HP: 56/56 MP: 7/13
  6785 | D:6      | Reached * piety under Qazlal
  7476 | D:6      | Noticed Grum
  7480 | D:6      | Killed Grum
  7764 | D:5      | Noticed Pikel
  7898 | D:5      | Noticed Duvessa
  7903 | D:5      | Noticed Dowan
  7904 | D:5      | Killed Duvessa
  7913 | D:5      | Killed Dowan
  8120 | D:5      | Reached skill level 12 in Conjurations
  8322 | D:5      | Killed Pikel
  8323 | D:5      | Reached XP level 10. HP: 61/61 MP: 8/14
  8571 | D:5      | Learned a level 3 spell: Volatile Blastmotes
  8626 | D:6      | Killed erynZofia's ghost
  9247 | D:7      | Reached ** piety under Qazlal
 10431 | D:3      | Bought a scroll of fog for 40 gold pieces
 10431 | D:3      | Bought a scroll of identify for 20 gold pieces
 10431 | D:3      | Bought a scroll of identify for 20 gold pieces
 11197 | D:8      | Noticed a two-headed ogre
 11219 | D:8      | Killed a two-headed ogre
 11220 | D:8      | Reached skill level 1 in Polearms
 11431 | D:8      | Found Sota Xeisel's Book Emporium.
 11431 | D:8      | Noticed a walking earthen tome
 11431 | D:8      | Noticed a walking frostbound tome
 12496 | D:9      | Reached XP level 11. HP: 58/66 MP: 12/18
 12567 | D:9      | Noticed Erica
 12573 | D:9      | Killed Erica
 12574 | D:9      | Reached skill level 13 in Conjurations
 12768 | D:9      | Noticed salammoniac's ghost (novice DsEE)
 12780 | D:9      | Found a runed translucent door.
 13391 | D:8      | Bought a book of Armaments for 396 gold pieces
 13473 | D:10     | Entered Level 10 of the Dungeon
 13567 | D:10     | Found a transporter.
 13583 | D:10     | Found a transporter.
 13604 | D:10     | HP: 3/66 [two-headed ogre zombie/+0 great mace of venom
                  | (1)]
 13605 | D:10     | HP: 1/66 [poisoned by a two-headed ogre zombie]
 13642 | D:10     | Reached *** piety under Qazlal
 14298 | D:10     | Found a staircase to the Lair.
 14492 | D:10     | Reached skill level 5 in Spellcasting
 14550 | D:10     | Learned a level 4 spell: Fulminant Prism
 14557 | D:10     | Learned a level 3 spell: Stone Arrow
 14692 | D:10     | Noticed Sonja
 14699 | D:10     | Killed Sonja
 14898 | D:11     | Noticed Lodul
 14898 | D:11     | Noticed a boulder beetle
 14994 | Lair:1   | Entered Level 1 of the Lair of Beasts
 15010 | Lair:1   | Reached skill level 5 in Hexes
 15010 | Lair:1   | Reached skill level 1 in Translocations
 15010 | Lair:1   | Reached skill level 1 in Earth Magic
 15128 | Lair:1   | Noticed Gastronok
 15908 | D:11     | Reached skill level 1 in Invocations
 16024 | D:11     | Noticed a two-headed ogre
 16031 | D:11     | Killed a two-headed ogre
 16032 | D:11     | Reached skill level 5 in Dodging
 16032 | D:11     | Reached XP level 12. HP: 50/71 MP: 2/20
 16597 | D:11     | Killed from afar by Lodul

Illustrated notes

Levels and vault maps discovered:
D:1:      minmay_arrival_widening_spiral_wide, layout_basic,
          shapermc_ecumenical_altar_totnotflames
D:2:      layout_basic, minmay_lizard_king
D:3:      layout_basic, serial_shops, shop_scrolls, serial_undead,
          serial_undead_d, serial_undead_b, serial_undead_f, serial_undead_d,
          kennysheep_decorative_pillar, minivault_19, uniq_terence
D:4:      layout_basic, mainiacjoe_overflow_big_doors, serial_forest,
          infiniplex_forest_clump_C, infiniplex_forest_lined_3,
          infiniplex_forest_lined_room_, infiniplex_forest_lined_4_way,
          infiniplex_forest_straight_2, infiniplex_forest_straight_4,
          infiniplex_forest_clump_long, minmay_hollow_rounded_squares
D:5:      layout_cave_pods, minmay_temple_entry_grid,
          minmay_manual_mandibuliform, uniq_pikel, uniq_duvessa, uniq_sigmund
D:6:      layout_cave_pools, hellmonk_ghost_happy_afterlife, serial_gnoll_camp,
          gnoll_camp_medium_02, grums_kennel, gnoll_camp_mini_hut,
          gnoll_camp_mini_house
D:7:      minmay_flawed_box, layout_cave_pods
D:8:      layout_loops_corners, serial_shops, nicolae_shop_mannequins,
          chequers_serial_rivers_small_3
D:9:      layout_roguey, hellmonk_ghost_big_iron, uniq_erica
D:10:     gammafunk_cloud_chamber, layout_loops_ring,
          due_lair_maze_entry_diamond, enter_bailey_4, uniq_sonja, uniq_grum
D:11:     layout_grid_maze, grunt_decor_fettered, water_maze_lemuel, uniq_lodul
Temple:   mainiacjoe_temple_big_plus
Lair:1:   layout_gridlike, uniq_gastronok

Skill      XL: |  1  2  3  4  5  6  7  8  9 10 11 |
---------------+----------------------------------+-----
Conjurations   | 2 3 9 10 11 12 13 | 13.7
Fire Magic     | 4 8 9 10 11 12 | 12.1
Fighting       | 6 |  6.9
Hexes          | 2 3 4 5 |  5.5
Spellcasting   | 4 5 |  5.0
Polearms       | 2 3 |  3.0
Dodging        | 3 5 |  5.0
Translocations | 1 |  1.0
Earth Magic    | 1 |  1.0
Invocations    | 1 |  1.4
Stealth        | |  2.0

Action                     |  1- 3 |  4- 6 |  7- 9 | 10-12 || total
---------------------------+-------+-------+-------+-------++-------
  Melee: Unarmed           |     2 |       |       |       ||     2
         Dagger            |    10 |     3 |       |    13 ||    26
         Kick              |     5 |     3 |    31 |    19 ||    58
         Spear             |       |     4 |    98 |    75 ||   177
         Peck              |       |       |    19 |    18 ||    37
         Punch             |       |       |     2 |     2 ||     4
   Cast: Foxfire           |    38 |    56 |    85 |   125 ||   304
         Scorch            |       |     6 |    68 |    97 ||   171
         Inner Flame       |       |       |    17 |    33 ||    50
         Volatile Blastmot |       |       |       |    15 ||    15
         Stone Arrow       |       |       |       |     2 ||     2
         Fulminant Prism   |       |       |       |     1 ||     1
    Use: Scroll            |       |     5 |     4 |    15 ||    24
         Potion            |       |     1 |       |     7 ||     8
 Armour: Robe              |     1 |     1 |    58 |    56 ||   116
  Dodge: Dodged            |    10 |    22 |   129 |   173 ||   334
  Block: Other             |       |       |     1 |    33 ||    34
